 Dungeon Crawl Stone Soup version 0.29.0 (webtiles) character file.

Game seed: 6513773644522711672

14 Toastz the Trooper (level 2, 24/24 HPs)
             Began as a Demonspawn Monk on Sept 9, 2022.
             Quit the game on level 1 of the Dungeon.
             The game lasted 00:00:44 (385 turns).

Toastz the Trooper (Demonspawn Monk)                 Turns: 385, Time: 00:00:45

Health: 24/24      AC:  2    Str: 11    XL:     2   Next: 27%
Magic:  2/2        EV: 13    Int: 11    God:
Gold:   35         SH:  0    Dex: 15    Spells: 1/1 levels left

rFire   . . .      SeeInvis .   a - +0 falchion
rCold   . . .      Faith    .   (no shield)
rNeg    . . .      Spirit   .   b - +0 robe
rPois   .          Reflect  .   (no helmet)
rElec   .          Harm     .   (no cloak)
rCorr   .          Rampage  .   (no gloves)
Will    .....                   (no boots)
Stlth   ++........              (no amulet)
HPRegen 0.08/turn               (no ring)
MPRegen 0.08/turn               (no ring)

@: no status effects
A: demonic touch 1
a: no special abilities


You were on level 1 of the Dungeon.
You visited 1 branch of the dungeon, and saw 1 of its levels.

You collected 35 gold pieces.

Inventory:

Hand Weapons
 a - a +0 falchion (weapon)
Missiles
 e - 11 stones (quivered)
 f - 2 poisoned darts
Armour
 b - a +0 robe (worn)
Scrolls
 d - a scroll of immolation {unknown}
Potions
 c - a potion of ambrosia
 g - 2 potions of mutation {unknown}


   Skills:
 + Level 3.2 Fighting
 + Level 2.9 Long Blades
 + Level 2.9 Dodging
 - Level 1.7 Stealth


You had one spell level left.
You didn't know any spells.
Your spell library was empty.

Dungeon Overview and Level Annotations

Branches:
Dungeon (1/15)

Altars:

Shops:
D:1 [


Innate Abilities, Weirdness & Mutations

Your touch may inflict minor irresistible damage on your foes.


Message History

The giant cockroach misses you.
You closely miss the giant cockroach. The giant cockroach bites you. x2
You barely miss the giant cockroach.
The giant cockroach bites you but does no damage.
You slash the giant cockroach!
You kill the giant cockroach!
No target in view!
You now have 9 gold pieces.
Things that are here:
a +0 dagger; a kobold corpse An endoplasm comes into view.
An endoplasm is nearby!
An endoplasm is nearby!
A frilled lizard comes into view.
Found a stone staircase leading down.
You see here 19 gold pieces.
The endoplasm quivers.
The endoplasm closely misses you.
You hit the endoplasm.
The endoplasm is severely wounded.
The endoplasm barely misses you.
You hit the endoplasm.
You kill the endoplasm!
The frilled lizard hisses angrily.
You hear an angry hiss.
A frilled lizard comes into view.
You see here 7 gold pieces.
You closely miss the frilled lizard. Your touch misses the frilled lizard.
The frilled lizard barely misses you.
You miss the frilled lizard. Your touch misses the frilled lizard.
The frilled lizard barely misses you.
The frilled lizard closely misses you. x2
You hit the frilled lizard.
You kill the frilled lizard!
The frilled lizard barely misses you.
You barely miss the frilled lizard. The frilled lizard closely misses you.
You miss the frilled lizard.
You touch the frilled lizard.
You kill the frilled lizard!
You now have 16 gold pieces (gained 7).
You now have 35 gold pieces (gained 19).
There is an entrance to Tudoy's Antique Armour Shoppe here.
Are you sure you want to abandon this character and quit the game? (Confirm with "yes".)

#..........##
#....†......#
#...........# .
##...........##..# ^
..............>.# ...
####............## ..##
....#...#......# ..#
###..#.#..####.# ###.###
##...@...# .# #.....#
.##...#.#..## #
#.....###.#...#...#..#
#......##.#..........#
#....)..#.#...†.###..##
#.....#.#.#.............
#.....#.#.#.#.))######## #
#.....#.#.#.##..########.#
).........#.##...........#


There were no monsters in sight!

Vanquished Creatures
  An endoplasm (D:1)
  2 giant cockroaches (D:1)
  A goblin (D:1)
  A hobgoblin (D:1)
  3 kobolds (D:1)
  A quokka (D:1)
  2 frilled lizards (D:1)
11 creatures vanquished.

Vanquished Creatures (others)
  A fungus (D:1)
1 creature vanquished.

Grand Total: 12 creatures vanquished

Notes
Turn   | Place    | Note
-------+----------+-------------------------------------------
     0 | D:1      | Toastz the Demonspawn Monk began the quest for the Orb.
     0 | D:1      | Reached XP level 1. HP: 18/18 MP: 1/1
   294 | D:1      | Found Tudoy's Antique Armour Shoppe.
   300 | D:1      | Gained mutation: Your touch may inflict minor irresistible
                  | damage on your foes. [demonic ancestry]
   300 | D:1      | Reached XP level 2. HP: 24/24 MP: 2/2
   385 | D:1      | Quit the game

Illustrated notes

Levels and vault maps discovered:
D:1:      tarquinn_simple_flora_water_d, layout_basic, serial_shops,
          nicolae_shop_advertising_works [nicolae_subvault_shop_adworks], shop,
          nicolae_lakefront_shop, nicolae_shop_statue_plus,
          nicolae_shop_bloodbath_and_beyond,
          dreamdust_ecumenical_altar_hidden_monk_grotto,
          chequers_serial_rivers_room_b

Action                   || total
-------------------------++-------
Melee: Falchion          ||    37
       Touch             ||     1
Armor: Robe              ||     5
Dodge: Dodged            ||    30
